 Dungeon Crawl Stone Soup version 0.30.1-11-g7821555f0a (webtiles) character file.

Game seed: 46330679027819538

209048 GimliDwarf the Spry (level 18, -12/145 HPs)
             Began as a Gnoll Warper on Jan 4, 2024.
             Was the Champion of Wu Jian.
             Mangled by a +4 heavy battleaxe (29 damage)
             ... on level 2 of the Elven Halls.
             The game lasted 03:46:40 (39518 turns).

GimliDwarf the Spry (Gnoll Warper)                 Turns: 39518, Time: 03:46:41

Health: -12/145    AC: 23    Str: 12    XL:     18   Next: 80%
Magic:  43/44      EV: 24    Int: 12    God:    Wu Jian [******]
Gold:   219        SH: 10    Dex: 19    Spells: 1/44 levels left

rFire   + . .        r - +6 scimitar (freeze)
rCold   x . .        L - +2 buckler
rNeg    . . .        p - +3 troll leather armour
rPois   .            R - +1 hat
rElec   .            V - +2 cloak
rCorr   +            i - +2 pair of gloves
SInv    .            g - +1 pair of boots
Will    +....        y - amulet of the acrobat
Stlth   +++++        G - ring of resist corrosion
HPRegen 1.24/turn    a - ring of Otipum {Fly rF+ rC- rCorr MP+9}
MPRegen 0.29/turn

%: acrobat
@: flying, hasted, studying Dodging, very quick
A: fangs 1, strong nose, distributed training, iridescent scales 1, shaggy fur 1
}: 1/15 runes: serpentine
a: Renounce Religion, Wall Jump, Serpent's Lash, Heavenly Storm


You were on level 2 of the Elven Halls.
You worshipped Wu Jian.
Wu Jian was exalted by your worship.
You visited 6 branches of the dungeon, and saw 29 of its levels.
You also visited: Ice Cave.

You collected 2660 gold pieces.
You spent 2441 gold pieces at shops.

Inventory:

Hand Weapons
 r - a +6 scimitar of freezing (weapon)
 T - the +8 longbow "Zephyr" {speed, Dex+3 SInv}
   (You bought it in a shop on level 2 of the Orcish Mines)

   Dex:       It affects your dexterity (+3).
   SInv:      It lets you see invisible.
Missiles
 e - 5 curare-tipped darts
 f - 12 boomerangs
 o - 36 poisoned darts
 x - a throwing net
 z - a javelin
 A - 2 silver boomerangs
Armour
 g - a +1 pair of boots (worn)
 i - a +2 pair of gloves (worn)
 p - a +3 troll leather armour (worn)
 L - a +2 buckler (worn)
 R - a +1 hat (worn)
 V - a +2 cloak (worn)
Jewellery
 a - the ring of Otipum (right hand) {Fly rF+ rC- rCorr MP+9}
   (You acquired it on level 15 of the Dungeon)

   [ring of magical power]

   rF:        It protects you from fire.
   rC:        It makes you vulnerable to cold.
   MP:        It affects your magic capacity (+9).
   Fly:       It grants you flight.
   rCorr:     It protects you from acid and corrosion.
 w - a ring of see invisible
 y - an amulet of the acrobat (around neck)
 G - a ring of resist corrosion (left hand)
 I - a ring of positive energy
Wands
 q - a wand of paralysis (32)
 F - a wand of iceblast (7)
 J - a wand of quicksilver (3)
 M - a wand of mindburst (19)
 N - a wand of digging (8)
Scrolls
 b - 2 scrolls of identify
 c - 2 scrolls of blinking
 j - 3 scrolls of magic mapping
 t - 4 scrolls of fog
 H - 5 scrolls of teleportation
 P - 4 scrolls of poison
 S - a scroll of fear
Potions
 d - a potion of invisibility
 h - 5 potions of haste
 l - 4 potions of flight
 m - a potion of resistance
 n - 6 potions of brilliance
 s - 3 potions of ambrosia
 u - 7 potions of lignification
 B - 8 potions of curing
 D - 3 potions of heal wounds
 E - a potion of magic
 O - 2 potions of might
Miscellaneous
 C - a piece from Xom's chessboard (15/15)
 Q - a phial of floods


   Skills:
 + Level 13.8 Fighting
 + Level 13.0 Short Blades
 + Level 13.8 Long Blades
 + Level 13.0 Axes
 + Level 13.0 Maces & Flails
 + Level 13.0 Polearms
 + Level 13.0 Staves
 + Level 13.0 Ranged Weapons
 + Level 13.3 Throwing
 + Level 13.3 Armour
 + Level 18.2 Dodging
 + Level 13.0 Stealth
 + Level 13.0 Shields
 + Level 13.0 Unarmed Combat
 + Level 13.9 Spellcasting
 + Level 11.1 Conjurations
 + Level 11.1 Hexes
 + Level 11.1 Summonings
 + Level 11.1 Necromancy
 + Level 12.3 Translocations
 + Level 11.1 Transmutations
 + Level 11.1 Fire Magic
 + Level 11.1 Ice Magic
 + Level 11.1 Air Magic
 + Level 11.1 Earth Magic
 + Level 11.1 Poison Magic
 + Level 14.2 Invocations
 + Level 13.0 Evocations


You had one spell level left.
You knew the following spells:

 Your Spells              Type           Power      Damage    Failure   Level
a - Blink                 Tloc           74%        N/A       1%          2
b - Metabolic Englaciati  Hex/Ice        17%        N/A       3%          5
c - Vhi's Electric Charg  Tloc/Air       72%        N/A       1%          3
d - Animate Armour        Summ/Erth      70%        N/A       1%          4
e - Call Imp              Summ           70%        N/A       1%          2
f - Passwall              Tmut/Erth      29%        N/A       1%          2
g - Gell's Gravitas       Tloc           37%        N/A       1%          3
h - Freezing Cloud        Conj/Ice/Air   17%        6-21      3%          5
i - Anguish               Hex/Necr       17%        N/A       1%          4
j - Silence               Hex/Air        17%        N/A       3%          5
k - Manifold Assault      Tloc           37%        N/A       1%          4
l - Iskenderun's Mystic   Conj/Tloc      36%        2d9       1%          4

Your spell library contained the following spells:

 Spells                   Type           Power      Damage    Failure   Level
 Beastly Appendage        Tmut           70%        N/A       1%          1
 Freeze                   Ice            100%       1d10      1%          1
 Magic Dart               Conj           100%       1d8       1%          1
 Slow                     Hex            100%       N/A       1%          1
 Cigotuvi's Dreadful Rot  Necr/Pois/Air  70%        N/A       1%          2
 Ensorcelled Hibernation  Hex/Ice        70%        N/A       1%          2
 Lesser Beckoning         Tloc           74%        N/A       1%          2
 Static Discharge         Conj/Air       70%        2-5/arc   1%          2
 Sublimation of Blood     Necr           35%        N/A       1%          2
 Wereblood                Tmut           35%        N/A       1%          2
 Confusing Touch          Hex            35%        N/A       1%          3
 Dazzling Flash           Conj/Hex       70%        N/A       1%          3
 Frozen Ramparts          Ice            70%        1d11      1%          3
 Hailstorm                Conj/Ice       35%        3d9       1%          3
 Ignite Poison            Fire/Tmut/Pois 35%        N/A       1%          3
 Mephitic Cloud           Conj/Pois/Air  35%        N/A       1%          3
 Ozocubu's Armour         Ice            35%        N/A       1%          3
 Spider Form              Tmut/Pois      35%        N/A       1%          3
 Stone Arrow              Conj/Erth      70%        3d11      1%          3
 Summon Guardian Golem    Hex/Summ       35%        N/A       1%          3
 Swiftness                Air            35%        N/A       1%          3
 Teleport Other           Tloc           37%        N/A       1%          3
 Vampiric Draining        Necr           35%        2d8       1%          3
 Volatile Blastmotes      Fire/Tloc      72%        2d16      1%          3
 Airstrike                Air            17%        2d(3-19)  1%          4
 Petrify                  Tmut/Erth      35%        N/A       1%          4
 Summon Lightning Spire   Summ/Air       35%        N/A       1%          4
 Agony                    Necr           35%        N/A       3%          5
 Arcjolt                  Conj/Air       17%        1d27      3%          5
 Blade Hands              Tmut           17%        N/A       3%          5
 Irradiate                Conj/Tmut      17%        3d17      3%          5
 Dispersal                Tloc           18%        N/A       12%         6
 Simulacrum               Ice/Necr       17%        N/A       19%         6
 Starburst                Conj/Fire      17%        6d6       19%         6
 Malign Gateway           Summ/Tloc      18%        N/A       63%         7
 Dragon Form              Tmut           17%        N/A       71%         7
 Orb of Destruction       Conj           17%        9d7       71%         7
 Spellforged Servitor     Conj/Summ      17%        N/A       71%         7
 Summon Hydra             Summ           17%        N/A       71%         7
 Disjunction              Tloc           18%        N/A       99%         8
 Lehudib's Crystal Spear  Conj/Erth      17%        10d5      100%        8


Dungeon Overview and Level Annotations

Branches:
Dungeon (15/15)            Temple (1/1) D:4            Lair (5/5) D:9
  Swamp (0/4) Lair:2        Snake (4/4) Lair:2        Slime (0/5) Lair:4
    Orc (2/2) D:10            Elf (2/3) Orc:2        Vaults (0/5) D:13
 Depths (0/4) D:15          IceCv (visited)

Altars:
Ashenzari
Cheibriados
Dithmenos
Elyvilon
Fedhas
Gozag
Hepliaklqana
Kikubaaqudgha
Makhleb
Nemelex Xobeh
Okawaru
Qazlal
Ru
Sif Muna
Trog
Uskayaw
Vehumet
Wu Jian
Xom
Yredelemnul
Zin
The Shining One
Jiyva

Shops:
D:9 *   D:11 *   D:13 ?   Orc:2 :([*   Elf:2 [

Portals:
Hell: Lair:5
Trove: D:14 (give 6 scrolls of fog)

Annotations:
D:12 1 runed translucent door, sheffield53's ghost, journeyman MiBe
Lair:5 3 runed translucent doors, tmcgee265's ghost, journeyman FoEE


Innate Abilities, Weirdness & Mutations

You have very sharp teeth.
Your uncanny sense of smell can sniff out nearby items.
Your experience applies equally to all skills.
You are partially covered in iridescent scales. (AC +2)
You are covered in fur. (AC +1)


Message History

The +0 long sword of distortion hits you!
Space warps horribly around you!
You slash the +0 long sword of distortion!
You freeze the +0 long sword of distortion.
The +0 long sword of distortion is severely damaged.
The +0 long sword of distortion hits you!
You slash the +0 long sword of distortion!
The +0 long sword of distortion falls from the air.
The Council accepts your kill.
You hit the +4 heavy battleaxe but do no damage.
The +4 heavy battleaxe is heavily damaged.
The +4 heavy battleaxe hits you!
* * * LOW HITPOINT WARNING * * *
You hit the +4 heavy battleaxe.
The +4 heavy battleaxe is heavily damaged.
You miss the +4 heavy battleaxe.
You bite the +4 heavy battleaxe, but do no damage.
The +4 heavy battleaxe is heavily damaged.
The +4 heavy battleaxe hits you!
* * * LOW HITPOINT WARNING * * *
The +4 heavy battleaxe attacks as you move away!
You block the +4 heavy battleaxe's attack.
There is an escape hatch in the ceiling here.
You spin and attack the +4 heavy battleaxe.
You hit the +4 heavy battleaxe but do no damage.
The +4 heavy battleaxe is moderately damaged.
The +4 heavy battleaxe hits you!
* * * LOW HITPOINT WARNING * * *
The +4 heavy battleaxe attacks as you move away!
You block the +4 heavy battleaxe's attack.
There is an open door here.
The +4 heavy battleaxe attacks as you move away!
The +4 heavy battleaxe completely misses you.
The +4 heavy battleaxe attacks as you move away!
The +4 heavy battleaxe hits you!
* * * LOW HITPOINT WARNING * * *
The +4 heavy battleaxe attacks as you move away!
The +4 heavy battleaxe barely misses you.
You feel yourself speed up. The +4 heavy battleaxe hits you!!
You die...

#.........##########)..#
#.........').......))..#
#.........##########>..#
#..[......# #####
##.....[[## ##.....)##
##'####.## #.# ##)## #.#
##@## #.# ##(## #.#
##.## #.# ##.## #.#
##.## #.# ##.## #.#
##'#### #.# ##...##
####'## ##.....##


You could see a +4 heavy battleaxe.

Vanquished Creatures
  Vashnia (Snake:4)
  Saint Roka (Snake:4)
  Kirke (Lair:5)
  Donald (Elf:2)
  6 nagarajas (Snake:4)
  An orc warlord (Orc:1)
  A deep elf demonologist (Elf:1)
  Azrael (Elf:2)
  A deep elf annihilator (Elf:1)
  A deep elf death mage (Elf:2)
  4 hydras
  2 salamander tyrants (Snake:4)
  5 centaur warriors
  3 boulder beetles
  11 anacondas
  Erica (D:10)
  2 catoblepae
  11 dancing weapons
  7 naga warriors
  3 orc high priests
  5 death yaks
  3 two-headed ogres
  Nergalle (D:10)
  A sun demon (Lair:5)
  18 deep elf knights
  16 naga sharpshooters
  7 shock serpents
  A salamander mystic (Snake:4)
  11 skeletal warriors
  6 sea snakes
  3 wizards
  A shadow dragon zombie (D:15)
  A sphinx zombie (D:15)
  A phantasmal warrior (D:15)
  6 deep elf archers
  19 deep elf zephyrmancers
  6 naga ritualists
  28 ugly things
  An oklob plant (Lair:3)
  A necromancer (D:15)
  3 orc knights
  23 deep elf pyromancers
  2 cyclopes
  7 mana vipers
  3 manticores
  6 orc sorcerers
  14 salamanders
  28 black mambas
  18 naga magi
  3 ice statues (IceCv)
  15 elephants
  3 torpor snails
  2 guardian serpents
  2 orange demons (Lair:5)
  12 cane toads
  9 rime drakes
  2 unseen horrors
  2 freezing wraiths
  4 tengu conjurers (D:15)
  An ice devil (Lair:5)
  14 komodo dragons
  A guardian mummy (D:15)
  3 red devils (Lair:5)
  A polar bear (Lair:5)
  2 tyrant leeches
  7 trolls
  5 blink frogs
  10 slime creatures
  A jumping spider (shapeshifter) (Elf:1)
  Sigmund (D:4)
  2 shadows
  4 water elementals
  A fire elemental (Elf:2)
  37 yaks
  15 wyverns
  2 hogs (Lair:5)
  4 wraiths
  8 basilisks
  4 wargs
  4 vampire mosquitoes (D:13)
  2 harpy simulacra (IceCv)
  A tengu zombie (D:15)
  A two-headed ogre zombie (D:10)
  35 nagas
  An acid dragon (D:13)
  A human zombie (D:15)
  A swamp worm (Lair:1)
  6 hell hounds
  8 water moccasins
  A black bear (shapeshifter) (D:14)
  4 sky beasts
  23 orc warriors
  3 black bears
  2 ogres (Orc:2)
  An ice beast (D:7)
  9 wolves
  2 phantoms
  20 centaurs
  4 kobold brigands
  A nameless horror (Lair:3)
  11 bullfrogs
  3 gnoll sergeants
  An earth elemental (Elf:1)
  A scorpion (Lair:2)
  A cane toad simulacrum (D:12)
  8 wights
  A troll zombie (D:10)
  An elephant simulacrum (IceCv)
  10 killer bees
  9 electric eels
  12 howler monkeys
  A crimson imp (D:10)
  16 orc priests
  5 hounds
  17 jellies
  3 gnoll boudas
  An iguana (D:5)
  2 sleepcaps (D:7)
  Ijyb (D:3)
  Terence (D:2)
  14 hell rats
  21 orc wizards
  3 polar bear simulacra
  4 troll simulacra (D:12)
  6 ogre zombies (D:10)
  21 gnolls
  9 adders
  2 naga simulacra (D:12)
  2 white imps
  2 worms
  3 dart slugs
  65 orcs
  12 ball pythons
  10 endoplasms
  2 giant cockroaches (D:1)
  14 goblins
  3 hobgoblins
  5 jackals
  24 kobolds
  7 quokkas
  5 bats
  2 frilled lizards
  3 goblin zombies (D:10)
  2 hobgoblin skeletons (D:10)
  4 hobgoblin zombies (D:10)
  6 orc skeletons (D:10)
  10 orc zombies (D:10)
  21 rats
998 creatures vanquished.

Vanquished Creatures (collateral kills)
  A hydra (Lair:5)
  A centaur warrior (D:9)
  A two-headed ogre (D:10)
  An orc high priest (Orc:2)
  2 death yaks
  An ugly thing (IceCv)
  5 elephants
  2 cane toads (Lair:5)
  2 rime drakes
  A troll (D:11)
  A polar bear (Lair:3)
  A hellwing (Lair:5)
  2 blink frogs (Lair:5)
  A wyvern (Lair:4)
  4 basilisks
  A hog (Lair:5)
  3 yaks (Lair:5)
  2 death yak simulacra (IceCv)
  A water moccasin (Lair:4)
  2 ogres
  A centaur (D:7)
  Blork the orc (D:5)
  2 killer bees (D:9)
  A howler monkey (D:12)
  An orc priest (Orc:1)
  A hell rat (Lair:4)
  2 orcs
  A kobold (D:6)
45 creatures vanquished.

Vanquished Creatures (others)
  2 deep elf knights
  An orc knight (Orc:2)
  A deep elf zephyrmancer (Elf:2)
  A deep elf pyromancer (Elf:2)
  A rime drake (Lair:4)
  3 wyverns
  A yak (Lair:5)
  A water moccasin (Lair:3)
  A wolf (Lair:3)
  A bullfrog (Lair:3)
  A gnoll (D:10)
14 creatures vanquished.

Grand Total: 1057 creatures vanquished

Notes
Turn   | Place    | Note
-------+----------+-------------------------------------------
     0 | D:1      | GimliDwarf the Gnoll Warper began the quest for the Orb.
     0 | D:1      | Reached XP level 1. HP: 20/20 MP: 6/6
   139 | D:1      | Reached XP level 2. HP: 22/26 MP: 7/7
   572 | D:1      | Reached skill level 5 in Spellcasting
   572 | D:1      | Reached XP level 3. HP: 30/31 MP: 7/9
   735 | D:2      | Noticed a phantom
   820 | D:1      | Learned a level 2 spell: Blink
  1019 | D:2      | Found a snail-covered altar of Cheibriados.
  1076 | D:2      | Reached skill level 1 in Invocations
  1119 | D:2      | Reached skill level 1 in Short Blades
  1119 | D:2      | Reached skill level 1 in Axes
  1119 | D:2      | Reached skill level 1 in Maces & Flails
  1119 | D:2      | Reached skill level 1 in Polearms
  1119 | D:2      | Reached skill level 1 in Staves
  1119 | D:2      | Reached skill level 1 in Ranged Weapons
  1119 | D:2      | Reached skill level 1 in Stealth
  1119 | D:2      | Reached skill level 1 in Shields
  1119 | D:2      | Reached skill level 1 in Unarmed Combat
  1119 | D:2      | Reached skill level 1 in Evocations
  1165 | D:2      | Reached XP level 4. HP: 36/38 MP: 11/11
  1325 | D:2      | Learned a level 3 spell: Teleport Other
  1432 | D:2      | Noticed Terence
  1446 | D:2      | Killed Terence
  1447 | D:2      | Reached skill level 1 in Conjurations
  1447 | D:2      | Reached skill level 1 in Hexes
  1447 | D:2      | Reached skill level 1 in Summonings
  1447 | D:2      | Reached skill level 1 in Necromancy
  1447 | D:2      | Reached skill level 1 in Transmutations
  1447 | D:2      | Reached skill level 1 in Fire Magic
  1447 | D:2      | Reached skill level 1 in Ice Magic
  1447 | D:2      | Reached skill level 1 in Air Magic
  1447 | D:2      | Reached skill level 1 in Earth Magic
  1447 | D:2      | Reached skill level 1 in Poison Magic
  1693 | D:2      | Killed a phantom
  1694 | D:2      | Reached XP level 5. HP: 24/43 MP: 12/12
  2089 | D:3      | Got the Anthology of the Kindled Boggart
  2852 | D:4      | Found a staircase to the Ecumenical Temple.
  2861 | Temple   | Entered the Ecumenical Temple
  2870 | Temple   | Became a worshipper of the Wu Jian Council
  2955 | D:4      | Reached XP level 6. HP: 49/50 MP: 14/14
  2971 | D:4      | Noticed Sigmund
  2979 | D:4      | Killed Sigmund
  2980 | D:4      | Reached skill level 5 in Fighting
  2980 | D:4      | Reached skill level 5 in Long Blades
  2980 | D:4      | Reached skill level 5 in Dodging
  3065 | D:4      | Found a glowing golden altar of the Shining One.
  3084 | D:4      | Reached XP level 7. HP: 47/56 MP: 15/15
  3119 | D:4      | Found a shadowy altar of Dithmenos.
  4075 | D:3      | Reached * piety under Wu Jian
  4090 | D:3      | Noticed Ijyb
  4112 | D:3      | Learned a level 3 spell: Vhi's Electric Charge
  4116 | D:3      | Learned a level 3 spell: Volatile Blastmotes
  4119 | D:3      | Learned a level 2 spell: Call Imp
  4122 | D:3      | Learned a level 2 spell: Passwall
  4150 | D:3      | Killed Ijyb
  4581 | D:5      | Entered Level 5 of the Dungeon
  4960 | D:5      | Reached XP level 8. HP: 63/63 MP: 16/16
  4982 | D:5      | Noticed Blork the orc
  5000 | D:5      | Killed Blork the orc
  5645 | D:6      | Reached skill level 6 in Dodging
  5673 | D:6      | Found a bloodstained altar of Trog.
  5907 | D:6      | Reached XP level 9. HP: 31/69 MP: 9/18
  6074 | D:6      | Reached ** piety under Wu Jian
  6591 | D:7      | Reached skill level 5 in Throwing
  6591 | D:7      | Reached skill level 5 in Armour
  6654 | D:7      | Reached skill level 7 in Dodging
  6965 | D:7      | Reached skill level 5 in Invocations
  6985 | D:7      | Noticed a troll
  7420 | D:7      | Found a blossoming altar of Fedhas.
  7749 | D:7      | Reached skill level 5 in Short Blades
  7749 | D:7      | Reached skill level 5 in Axes
  7749 | D:7      | Reached skill level 5 in Maces & Flails
  7749 | D:7      | Reached skill level 5 in Polearms
  7749 | D:7      | Reached skill level 5 in Staves
  7749 | D:7      | Reached skill level 5 in Ranged Weapons
  7749 | D:7      | Reached skill level 5 in Stealth
  7749 | D:7      | Reached skill level 5 in Shields
  7749 | D:7      | Reached skill level 5 in Unarmed Combat
  7749 | D:7      | Reached skill level 5 in Evocations
  7749 | D:7      | Reached XP level 10. HP: 69/77 MP: 11/20
  7825 | D:7      | Reached *** piety under Wu Jian
  7826 | D:7      | Reached skill level 8 in Dodging
  8265 | D:8      | You fall into a shaft and drop 3 floors!
  8585 | D:11     | Noticed a skeletal warrior
  8654 | D:10     | Entered Level 10 of the Dungeon
  8868 | D:10     | Found a staircase to the Orcish Mines.
  9308 | D:9      | Reached **** piety under Wu Jian
  9355 | D:10     | Noticed Erica
  9370 | D:10     | Killed Erica
  9371 | D:10     | Reached skill level 9 in Dodging
  9455 | D:9      | Reached skill level 5 in Conjurations
  9455 | D:9      | Reached skill level 5 in Hexes
  9455 | D:9      | Reached skill level 5 in Summonings
  9455 | D:9      | Reached skill level 5 in Necromancy
  9455 | D:9      | Reached skill level 5 in Transmutations
  9455 | D:9      | Reached skill level 5 in Fire Magic
  9455 | D:9      | Reached skill level 5 in Ice Magic
  9455 | D:9      | Reached skill level 5 in Air Magic
  9455 | D:9      | Reached skill level 5 in Earth Magic
  9455 | D:9      | Reached skill level 5 in Poison Magic
  9464 | D:9      | Reached XP level 11. HP: 57/85 MP: 22/22
 10524 | D:9      | Found Joseohedghe's General Store.
 10527 | D:9      | Bought a scroll of magic mapping for 112 gold pieces
 10531 | D:9      | Noticed a centaur warrior
 10615 | D:9      | Killed a centaur warrior
 10936 | D:9      | Found a staircase to the Lair.
 11003 | D:9      | Found an opulent altar of Gozag.
 11010 | D:9      | Reached ***** piety under Wu Jian
 11190 | D:10     | Learned a level 3 spell: Gell's Gravitas
 11380 | D:10     | Noticed a two-headed ogre
 11626 | D:10     | Noticed Nergalle
 11893 | D:10     | Killed Nergalle
 11894 | D:10     | Reached skill level 10 in Dodging
 11978 | D:11     | Noticed a skeletal warrior
 12102 | D:11     | Noticed a cyclops
 12233 | Lair:1   | Entered Level 1 of the Lair of Beasts
 13198 | Lair:1   | Learned a level 3 spell: Dazzling Flash
 13203 | Lair:1   | Learned a level 4 spell: Anguish
 13209 | Lair:1   | Learned a level 4 spell: Animate Armour
 13219 | Lair:2   | Noticed a catoblepas
 13564 | Lair:2   | Reached XP level 12. HP: 94/94 MP: 20/24
 13900 | Lair:2   | Found a staircase to the Snake Pit.
 14182 | Lair:2   | Found a staircase to the Swamp.
 14554 | Lair:2   | Killed a catoblepas
 14555 | Lair:2   | Reached skill level 11 in Dodging
 16307 | Lair:4   | Noticed a death yak
 16307 | Lair:4   | Noticed a death yak
 16307 | Lair:4   | Noticed a death yak
 16307 | Lair:4   | Noticed a death yak
 16307 | Lair:4   | Noticed a death yak
 16380 | Lair:3   | Learned a level 5 spell: Metabolic Englaciation
 16381 | Lair:4   | Noticed a death yak
 16395 | Lair:3   | Killed a death yak
 16470 | Lair:3   | Killed a death yak
 16475 | Lair:3   | Killed a death yak
 16476 | Lair:3   | Reached XP level 13. HP: 44/101 MP: 26/26
 16498 | Lair:3   | Reached skill level 12 in Dodging
 16901 | Lair:4   | Found a staircase to the Slime Pits.
 16902 | Lair:4   | Found a viscous altar of Jiyva.
 17124 | Lair:4   | Reached skill level 10 in Spellcasting
 17791 | Lair:4   | Reached skill level 10 in Fighting
 17791 | Lair:4   | Reached skill level 10 in Long Blades
 17896 | Lair:4   | Identified the +0 robe of Resonance {Contam Int+3 Archmagi}
 17987 | Lair:5   | Entered Level 5 of the Lair of Beasts
 18047 | Lair:5   | Noticed Kirke
 18673 | Lair:5   | Reached skill level 13 in Dodging
 18674 | Lair:5   | Killed Kirke
 18921 | Lair:5   | Reached skill level 10 in Invocations
 18921 | Lair:5   | Reached XP level 14. HP: 87/110 MP: 7/28
 19086 | Lair:5   | Reached ****** piety under Wu Jian
 19180 | Lair:5   | Found a runed translucent gate.
 19180 | Lair:5   | Found a runed translucent gate.
 19180 | Lair:5   | Found a runed translucent gate.
 19343 | Lair:4   | Learned a level 5 spell: Silence
 19626 | Lair:5   | Noticed tmcgee265's ghost (journeyman FoEE)
 20284 | Lair:5   | Reached skill level 10 in Throwing
 20284 | Lair:5   | Reached skill level 10 in Armour
 20558 | Lair:5   | Found a burning altar of Makhleb.
 20780 | Lair:5   | Found a gateway to Hell.
 20787 | Lair:5   | Identified the +0 ring mail "Pofayly" {*Corrode rElec rN+}
 20839 | Lair:5   | Reached skill level 14 in Dodging
 21010 | Lair:5   | Reached skill level 10 in Translocations
 21361 | Orc:1    | Entered Level 1 of the Orcish Mines
 21436 | Orc:1    | Reached skill level 10 in Short Blades
 21436 | Orc:1    | Reached skill level 10 in Axes
 21436 | Orc:1    | Reached skill level 10 in Maces & Flails
 21436 | Orc:1    | Reached skill level 10 in Polearms
 21436 | Orc:1    | Reached skill level 10 in Staves
 21436 | Orc:1    | Reached skill level 10 in Ranged Weapons
 21436 | Orc:1    | Reached skill level 10 in Stealth
 21436 | Orc:1    | Reached skill level 10 in Shields
 21436 | Orc:1    | Reached skill level 10 in Unarmed Combat
 21436 | Orc:1    | Reached skill level 10 in Evocations
 21648 | Orc:2    | Entered Level 2 of the Orcish Mines
 21648 | Orc:2    | Found a staircase to the Elven Halls.
 21743 | Orc:2    | Noticed an orc warlord
 21914 | Orc:1    | Killed an orc warlord
 22456 | Orc:2    | Reached XP level 15. HP: 95/116 MP: 4/30
 22742 | Orc:2    | Gained mutation: You are dopey. (Int -2) [a neqoxec]
 23322 | Orc:2    | Found Pethrejom's Weapon Boutique.
 23322 | Orc:2    | Found Ciarer's Book Boutique.
 23323 | Orc:2    | Found Ixtylef's Assorted Antiques.
 23323 | Orc:2    | Found Wirghelimp's Armour Shoppe.
 23572 | Elf:1    | Entered Level 1 of the Elven Halls
 23762 | Snake:1  | Entered Level 1 of the Snake Pit
 24331 | D:11     | Found Kuchiehio's General Store.
 24337 | D:11     | Bought a scroll of enchant weapon for 120 gold pieces
 25032 | D:12     | Found a frozen archway.
 25122 | IceCv    | Entered an ice cave
 25330 | IceCv    | Learned a level 4 spell: Manifold Assault
 26204 | D:12     | Reached skill level 15 in Dodging
 26540 | D:12     | Found a runed translucent door.
 26541 | D:12     | Noticed sheffield53's ghost (journeyman MiBe)
 27257 | D:13     | Found Gotif's Magic Scroll Shop.
 27337 | D:13     | Found a radiant altar of Vehumet.
 27521 | D:13     | Found a gate to the Vaults.
 28078 | D:14     | Found a portal to a secret trove of treasure.
 28162 | D:14     | Reached XP level 16. HP: 127/127 MP: 21/32
 29326 | D:15     | Entered Level 15 of the Dungeon
 29424 | D:15     | Found a staircase to the Depths.
 29656 | Orc:2    | Bought the +8 longbow "Zephyr" {speed, Dex+3 SInv} for 1925
                  | gold pieces
 29656 | Orc:2    | Found the +8 longbow "Zephyr" {speed, Dex+3 SInv}
 30047 | D:15     | Identified a scroll of acquirement
 30048 | D:15     | Acquired the ring of Otipum {Fly rF+ rC- rCorr MP+9}
 30823 | D:15     | Found a glowing silver altar of Zin.
 31508 | Lair:2   | Learned a level 5 spell: Freezing Cloud
 31509 | Lair:2   | Lost mutation: You are dopey. (Int -2) [potion of mutation]
 31509 | Lair:2   | Gained mutation: Your magical capacity is low. (-10% MP)
                  | [potion of mutation]
 31509 | Lair:2   | Gained mutation: Your mind is acute. (Int +4, Str/Dex -1)
                  | [potion of mutation]
 31510 | Lair:2   | Lost mutation: Your magical capacity is low. (-10% MP)
                  | [potion of mutation]
 31510 | Lair:2   | Lost mutation: Your mind is acute. (Int +4, Str/Dex -1)
                  | [potion of mutation]
 31510 | Lair:2   | Gained mutation: Your muscles are strong. (Str +4, Int/Dex
                  | -1) [potion of mutation]
 31510 | Lair:2   | Gained mutation: You occasionally lose the ability to drink
                  | potions when taking damage. [potion of mutation]
 31511 | Lair:2   | Lost mutation: You occasionally lose the ability to drink
                  | potions when taking damage. [potion of mutation]
 31511 | Lair:2   | Lost mutation: Your muscles are strong. (Str +4, Int/Dex
                  | -1) [potion of mutation]
 31511 | Lair:2   | Gained mutation: Your spells are a little easier to cast,
                  | but a little less powerful. [potion of mutation]
 31511 | Lair:2   | Gained mutation: You have a pair of small horns on your
                  | head. [potion of mutation]
 31512 | Lair:2   | Lost mutation: Your spells are a little easier to cast, but
                  | a little less powerful. [potion of mutation]
 31512 | Lair:2   | Lost mutation: You have a pair of small horns on your head.
                  | [potion of mutation]
 31512 | Lair:2   | Gained mutation: You are partially covered in iridescent
                  | scales. (AC +2) [potion of mutation]
 31512 | Lair:2   | Gained mutation: You are covered in fur. (AC +1) [potion of
                  | mutation]
 31529 | Snake:1  | Reached skill level 16 in Dodging
 33345 | Snake:3  | Reached XP level 17. HP: 125/135 MP: 33/33
 33811 | Snake:3  | Reached skill level 10 in Conjurations
 33811 | Snake:3  | Reached skill level 10 in Hexes
 33811 | Snake:3  | Reached skill level 10 in Summonings
 33811 | Snake:3  | Reached skill level 10 in Necromancy
 33811 | Snake:3  | Reached skill level 10 in Transmutations
 33811 | Snake:3  | Reached skill level 10 in Fire Magic
 33811 | Snake:3  | Reached skill level 10 in Ice Magic
 33811 | Snake:3  | Reached skill level 10 in Air Magic
 33811 | Snake:3  | Reached skill level 10 in Earth Magic
 33811 | Snake:3  | Reached skill level 10 in Poison Magic
 34555 | Snake:4  | Entered Level 4 of the Snake Pit
 34593 | Snake:4  | Noticed Vashnia
 34782 | Snake:4  | Killed Vashnia
 35127 | Snake:4  | Reached skill level 17 in Dodging
 35825 | Snake:4  | Noticed Saint Roka
 35869 | Snake:4  | Killed Saint Roka
 36534 | Snake:4  | Reached XP level 18. HP: 128/143 MP: 26/35
 36775 | Snake:4  | Got a serpentine rune of Zot
 37082 | Orc:2    | Bought a scroll of enchant armour for 187 gold pieces
 37257 | D:13     | Bought a scroll of enchant armour for 97 gold pieces
 37907 | Elf:1    | Got the Thoughts on Wounds
 38168 | Elf:1    | Found Plog's General Store.
 38260 | Elf:2    | Learned a level 4 spell: Iskenderun's Mystic Blast
 38271 | Elf:2    | Found Meqigh's Armour Boutique.
 38461 | Elf:2    | Reached skill level 18 in Dodging
 38578 | Elf:2    | Noticed Donald
 38595 | Elf:2    | Killed Donald
 38839 | Elf:2    | Noticed Azrael
 38848 | Elf:2    | Killed Azrael
 39088 | Elf:2    | Found a huge runed translucent gate.
 39090 | Elf:2    | Found a huge runed translucent gate.
 39095 | Elf:2    | Found a huge runed translucent gate.
 39096 | Elf:2    | Found a huge runed translucent gate.
 39096 | Elf:2    | Found a huge runed translucent gate.
 39518 | Elf:2    | Mangled by a +4 heavy battleaxe

Illustrated notes

Levels and vault maps discovered:
D:1:      tarquinn_simple_flora_water_c, layout_basic, minmay_hexomino_p4
D:2:      layout_basic, basic_altar, minmay_rat_hole, uniq_terence
D:3:      kennysheep_goblin_castle, layout_basic
D:4:      layout_loops_cross, jmf_multi_god_temple, temple_pool_b,
          minmay_increasing_density, uniq_ijyb, uniq_sigmund
D:5:      layout_loops_cross, minmay_manual_mess, uniq_blork_the_orc
D:6:      layout_basic, bloody_trog
D:7:      layout_loops_ring, marbit_many_paths, st_stairs_12,
          kennysheep_pointless_box, grunt_ministairs_14
D:8:      layout_basic
D:9:      layout_rooms, mainiacjoe_overflow_surrounded_room, lair_entry_dummy,
          serial_shops, nicolae_shop_tiny_real_fake_doors
D:10:     layout_rooms, zombieorc2_lemuel, kennysheep_cluttered_room,
          minmay_fire_ice_demons, uniq_nergalle, uniq_erica
D:11:     layout_irregular_city, serial_shops, kennysheep_little_box
D:12:     layout_basic, hellmonk_ghost_happy_afterlife,
          portal_ice_cave_entry_ice_simulacra
D:13:     layout_roguey, erik_vaults_1, serial_shops, shop,
          minmay_misc_feat_diagonals, chequers_serial_rivers_room_a,
          vehumet_crystals
D:14:     layout_rooms, nicolae_trove_entry_isolated
D:15:     gammafunk_depths_entry_grave, layout_basic, serial_co_window_serial,
          co_window_corner_a, co_window_corner_a, co_window_corner_a,
          co_window_corner_a, co_window_corner_a, co_window_paths_b,
          co_window_of_opportunity_a, co_window_broadway_b, co_window_corner_b,
          co_window_of_opportunity_b, co_window_broadway_c,
          co_window_of_opportunity_b, co_window_2corner, co_window_4corner_a,
          co_window_paths_d, glass_columns_a, glass_columns_b, glass_columns_a,
          glass_columns_b, glass_columns_a, zin_statuary
Temple:   sentei_temple_godly_chess
Lair:1:   layout_hall_layers
Lair:2:   layout_cave_pods, minmay_swamp_entry_worms,
          minmay_snake_entry_guardpost_small
Lair:3:   layout_roguey, beast_lair_carwin_6, infiniplex_staircase_pool_2
Lair:4:   layout_roguey [special_room_mythical_zoo],
          minmay_slime_entry_jelly_boxes
Lair:5:   evil_forest, layout_cave_shapes, special_room
          [special_room_mythical_zoo], gammafunk_ghost_hydra_chop, uniq_kirke
Snake:1:  layout_layer_cave, nicolae_snake_shapes
Snake:2:  nicolae_sea_snake_s, layout_misc_corridors
Snake:3:  layout_gridlike, grunt_megastairs_4
Snake:4:  snake_pit, layout_onion, uniq_saint_roka, uniq_vashnia
Orc:1:    layout_caves, abandoned_shop
Orc:2:    st_orc_elflike, layout_diamond_mine
Elf:1:    layout_geoelf_grid, serial_shops, shop, minmay_elf_annihilation
Elf:2:    elven_hall_of_blades_hangedman_alternative
          [nicolae_vaults_blade_armed_guards], layout_geoelf_grid, serial_shops,
          nicolae_stop_n_shop_2, uniq_azrael, uniq_donald

Skill      XL: |  1  2  3  4  5  6  7  8  9 10 11 12 13 14 15 16 17 18 |
---------------+-------------------------------------------------------+-----
Spellcasting   | 5 6 7 8 9 10 11 12 13 | 13.9
Invocations    | 1 2 3 4 5 6 7 8 10 11 12 13 14 | 14.2
Short Blades   | 1 2 3 5 6 7 8 9 10 11 12 13 | 13.0
Axes           | 1 2 3 5 6 7 8 9 10 11 12 13 | 13.0
Maces & Flails | 1 2 3 5 6 7 8 9 10 11 12 13 | 13.0
Polearms       | 1 2 3 5 6 7 8 9 10 11 12 13 | 13.0
Staves         | 1 2 3 5 6 7 8 9 10 11 12 13 | 13.0
Ranged Weapons | 1 2 3 5 6 7 8 9 10 11 12 13 | 13.0
Stealth        | 1 2 3 5 6 7 8 9 10 11 12 13 | 13.0
Shields        | 1 2 3 5 6 7 8 9 10 11 12 13 | 13.0
Unarmed Combat | 1 2 3 5 6 7 8 9 10 11 12 13 | 13.0
Evocations     | 1 2 3 5 6 7 8 9 10 11 12 13 | 13.0
Conjurations   | 1 2 3 4 5 6 7 8 9 10 11 | 11.1
Hexes          | 1 2 3 4 5 6 7 8 9 10 11 | 11.1
Summonings     | 1 2 3 4 5 6 7 8 9 10 11 | 11.1
Necromancy     | 1 2 3 4 5 6 7 8 9 10 11 | 11.1
Transmutations | 1 2 3 4 5 6 7 8 9 10 11 | 11.1
Fire Magic     | 1 2 3 4 5 6 7 8 9 10 11 | 11.1
Ice Magic      | 1 2 3 4 5 6 7 8 9 10 11 | 11.1
Air Magic      | 1 2 3 4 5 6 7 8 9 10 11 | 11.1
Earth Magic    | 1 2 3 4 5 6 7 8 9 10 11 | 11.1
Poison Magic   | 1 2 3 4 5 6 7 8 9 10 11 | 11.1
Throwing       | 3 4 5 6 7 8 9 10 11 12 13 | 13.3
Armour         | 3 4 5 6 7 8 9 10 11 12 13 | 13.3
Fighting       | 5 6 7 8 9 10 11 12 13 | 13.8
Long Blades    | 5 6 7 8 9 10 11 12 13 | 13.8
Dodging        | 5 6 7 9 10 11 13 14 15 16 17 18 | 18.2
Translocations | 6 7 8 9 10 11 12 | 12.3

Action                     |  1- 3 |  4- 6 |  7- 9 | 10-12 | 13-15 | 16-18 || total
---------------------------+-------+-------+-------+-------+-------+-------++-------
  Melee: Falchion          |    89 |   194 |   357 |   844 |    11 |       ||  1495
         Bite              |     4 |    24 |    36 |   104 |   195 |   117 ||   480
         Punch             |     1 |     3 |     7 |    17 |       |    16 ||    44
         Scimitar          |       |       |       |       |  1419 |   926 ||  2345
         Longbow           |       |       |       |       |       |     2 ||     2
   Fire: Shortbow          |       |       |       |    17 |       |       ||    17
         Longbow           |       |       |       |       |       |   635 ||   635
  Throw: Boomerang         |     9 |    25 |    42 |    98 |    31 |     6 ||   211
         Dart              |       |     3 |    26 |    27 |    20 |     6 ||    82
         Javelin           |       |       |     8 |     2 |     5 |       ||    15
   Cast: Vhi's Electric Ch |       |       |    37 |    47 |    34 |       ||   118
         Call Imp          |       |       |     9 |    39 |    85 |    13 ||   146
         Teleport Other    |       |       |     2 |     3 |       |       ||     5
         Volatile Blastmot |       |       |     5 |       |       |       ||     5
         Blink             |       |       |     3 |     7 |     3 |       ||    13
         Gell's Gravitas   |       |       |       |     8 |    28 |       ||    36
         Animate Armour    |       |       |       |    12 |    61 |     4 ||    77
         Anguish           |       |       |       |     2 |    39 |     1 ||    42
         Dazzling Flash    |       |       |       |     2 |     3 |       ||     5
         Metabolic Englaci |       |       |       |       |    15 |     1 ||    16
         Manifold Assault  |       |       |       |       |    52 |    64 ||   116
         Silence           |       |       |       |       |     2 |    24 ||    26
         Freezing Cloud    |       |       |       |       |       |   106 ||   106
 Invoke: Heavenly Storm    |       |       |       |     1 |     1 |       ||     2
Ability: Lunge             |       |     1 |    25 |    25 |    53 |    46 ||   150
         Whirlwind         |       |       |     6 |    52 |    97 |    14 ||   169
         Wall Jump         |       |       |     2 |    53 |    32 |     1 ||    88
  Evoke: Wand              |       |     1 |     2 |    11 |    31 |    12 ||    57
         Phial of floods   |       |       |       |       |       |     1 ||     1
    Use: Scroll            |       |     8 |    14 |    14 |     5 |     7 ||    48
         Potion            |       |       |     1 |     5 |     5 |    11 ||    22
   Stab: Sleeping          |       |     4 |     6 |     3 |    11 |     6 ||    30
         Paralysed         |       |     6 |     8 |    17 |       |     2 ||    33
         Distracted        |       |       |     1 |     4 |    27 |     5 ||    37
         Petrified         |       |       |       |       |     3 |       ||     3
         Petrifying        |       |       |       |       |     1 |       ||     1
 Armour: Leather armour    |    17 |    45 |    90 |    22 |       |       ||   174
         Troll leather arm |       |       |       |   187 |   338 |   170 ||   695
         Skin              |       |       |       |       |     3 |       ||     3
  Dodge: Dodged            |    62 |   130 |   262 |   715 |  1196 |   614 ||  2979
  Block: Buckler           |       |       |       |   158 |   681 |   176 ||  1015
